 Dungeon Crawl Stone Soup version 0.23-a0-681-g26ad783 (webtiles) character file.

1626 galech the Chopper (level 8, 61/61 HPs)
             Began as a Demonspawn Fighter on Jan 10, 2019.
             Quit the game on level 5 of the Dungeon.
             The game lasted 00:06:45 (4222 turns).

galech the Chopper (Demonspawn Fighter)             Turns: 4222, Time: 00:06:46

Health: 61/61      AC: 10    Str: 17    XL:     8   Next: 65%
Magic:  26/26      EV:  8    Int:  9    God:
Gold:   427        SH: 10    Dex: 15    Spells: 7/7 levels left

rFire    + . .     SeeInvis .   a - +0 war axe
rCold    . . .     Gourm    .   c - +0 shield
rNeg     . . .     Faith    .   e - +0 scale mail {rF+}
rPois    .         Spirit   .   (helmet restricted)
rElec    .         Reflect  .   (no cloak)
rCorr    .         Harm     .   A - +2 pair of gloves
MR       .....                  (no boots)
Stlth    +++.......             h - amulet of regeneration
HPRegen  0.60/turn              r - ring of magical power
MPRegen  0.20/turn              t - ring of magical power

@: no status effects
A: antennae 1, demonic guardian 1, nightstalker 2
a: no special abilities


You were on level 5 of the Dungeon.
You were not hungry.

You visited 2 branches of the dungeon, and saw 6 of its levels.
You visited the Abyss 1 time.
You also visited: Ossuary.

You collected 427 gold pieces.

Inventory:

Hand Weapons
 a - a +0 war axe (weapon)
Armour
 c - a +0 shield (worn)
 e - a +0 scale mail of fire resistance (worn)
 A - a +2 pair of gloves (worn)
Jewellery
 h - an amulet of regeneration (around neck)
 r - a ring of magical power (left hand)
 t - a ring of magical power (right hand)
 C - an uncursed ring of fire
Wands
 w - a wand of clouds (3)
 y - a wand of scattershot (6)
Scrolls
 g - 2 scrolls of immolation {unknown}
 i - 3 scrolls of enchant armour {unknown}
 l - 7 scrolls of identify {unknown}
 m - 4 scrolls of teleportation {unknown}
 n - a scroll of remove curse {unknown}
 p - 2 scrolls of fear {unknown}
 v - 2 scrolls of noise {unknown}
 x - 2 scrolls of amnesia {unknown}
 D - a scroll of enchant weapon {unknown}
Potions
 b - 2 potions of heal wounds {unknown}
 d - a potion of might
 j - 2 potions of magic {unknown}
 k - 4 potions of haste {unknown}
 o - a potion of mutation {unknown}
 q - 2 potions of curing
 s - a potion of agility {unknown}
 u - 2 potions of cancellation {unknown}
 z - 2 potions of lignification {unknown}
Comestibles
 f - 12 rations
 B - 7 chunks of flesh


   Skills:
 + Level 4.8 Fighting
 + Level 6.8 Axes
 + Level 4.8 Armour
 + Level 2.2 Dodging
 + Level 2.3 Stealth
 + Level 4.8 Shields


You had 7 spell levels left.
You didn't know any spells.
Your spell library was empty.

Dungeon Overview and Level Annotations

Branches:
Dungeon (5/15)             Temple (1/1) D:4

Altars:
Ashenzari
Cheibriados
Dithmenos
Elyvilon
Fedhas
Gozag
Hepliaklqana
Kikubaaqudgha
Nemelex Xobeh
Ru
Sif Muna
Uskayaw
Vehumet
Wu Jian
Xom
Yredelemnul
The Shining One

Shops:
D:5 (


Innate Abilities, Weirdness & Mutations

You have a pair of small antennae on your head.
A weak demonic guardian rushes to your aid.
You are significantly more attuned to the shadows.


Message History

No target in view!
No target in view!
Found a war axe.
There is an entrance to Ymey's Antique Weapon Shop here.
You see here a war axe.
Found a dagger and 23 bolts.
D - a scroll labeled NAUSTI KESUMEW You see here 23 bolts.
Found a broad axe.
You see here a broad axe.
Some of the chunks of flesh in your inventory have rotted away.
You see here a dagger.
You sense a monster nearby.
You now have 427 gold pieces (gained 9).
You see here 23 bolts.
You see here a broad axe.
Saving game... please wait.
Welcome back, galech the Demonspawn Fighter.
Press ? for a list of commands and other information.
Are you sure you want to abandon this character and quit the game? (Confirm

########.# #.......##{
.........####....###.#
.###............)# #.#
.).....######....###.#
.###.#.# #.......## ##
#.#.########.##### ##
#.#..........(.#
.###.##.#########.# #.
........# #..@.# #.
..#####.# #.#### #.
).# #.# #.# #.#### ..#
#.# #.# #)...# (.# #.#
#.# #.<#)# ..#####.#
#.# ##))(# ...>.[..#
#.# ##.## .##.....##
#.# #.####
.##.####.#####.#
#....#


There were no monsters in sight!

Vanquished Creatures
  A ynoxinul (Abyss:2)
  An ice beast (D:5)
  An ogre (D:5)
  2 centaurs (D:5)
  An elf zombie (Ossuary)
  A scorpion (D:5)
  A crimson imp (D:5)
  A centaur zombie (Ossuary)
  3 human zombies (Ossuary)
  A bullfrog skeleton (D:4)
  2 orc priests
  2 orc wizards (D:4)
  A worker ant (D:5)
  Natasha (D:3)
  A big kobold zombie (Ossuary)
  4 hound zombies (Ossuary)
  4 mummies
  3 gnolls (D:5)
  7 adders
  An ooze (D:3)
  2 worms (D:2)
  3 dart slugs
  A leopard gecko (D:5)
  16 orcs
  3 ball pythons
  4 giant cockroaches
  2 gnoll zombies (Ossuary)
  10 goblins
  5 hobgoblins
  2 jackals (D:4)
  2 quokkas
  7 bats
  4 frilled lizards
  3 goblin zombies (Ossuary)
  4 hobgoblin zombies (Ossuary)
  4 jackal zombies (Ossuary)
  5 kobolds
  3 kobold zombies (Ossuary)
  A leopard gecko skeleton (D:5)
  A quokka skeleton (D:5)
  7 quokka zombies (Ossuary)
  10 rats
  2 rat zombies (Ossuary)
140 creatures vanquished.

Vanquished Creatures (collateral kills)
  An ancient zyme (Abyss:2)
  A phantom (D:3)
  A quasit (D:5)
  2 orc priests (D:4)
  Ijyb (D:3)
  Natasha (twice) (D:3)
  A worker ant (D:4)
  3 goblins (D:3)
  A hobgoblin zombie (Ossuary)
13 creatures vanquished.

Grand Total: 153 creatures vanquished

Notes
Turn   | Place    | Note
-------+----------+-------------------------------------------
     0 | D:1      | galech the Demonspawn Fighter began the quest for the Orb.
     0 | D:1      | Reached XP level 1. HP: 18/18 MP: 1/1
   243 | D:1      | Gained mutation: A weak demonic guardian rushes to your
                  | aid. [demonic ancestry]
   243 | D:1      | Reached XP level 2. HP: 24/24 MP: 2/2
   511 | D:1      | Reached skill level 2 in Axes
   729 | D:2      | Gained mutation: You are slightly more attuned to the
                  | shadows. [demonic ancestry]
   729 | D:2      | Reached XP level 3. HP: 24/29 MP: 3/3
  1000 | D:2      | Found a sacrificial altar of Ru.
  1002 | D:2      | Found a snail-covered altar of Cheibriados.
  1156 | D:2      | Found a shadowy altar of Dithmenos.
  1185 | D:2      | Gained mutation: You have a pair of small antennae on your
                  | head. [demonic ancestry]
  1185 | D:2      | Reached XP level 4. HP: 35/35 MP: 4/4
  1402 | D:2      | Found a white marble altar of Elyvilon.
  1660 | D:3      | Reached skill level 3 in Axes
  2085 | D:3      | Noticed Ijyb
  2088 | D:3      | Reached XP level 5. HP: 36/41 MP: 5/5
  2097 | D:3      | Killed Ijyb
  2290 | D:3      | Noticed Natasha
  2297 | D:3      | Killed Natasha
  2345 | D:3      | Reached skill level 1 in Dodging
  2382 | D:3      | Noticed Natasha
  2390 | D:3      | Killed Natasha
  2440 | D:3      | Noticed Natasha
  2449 | D:3      | Killed Natasha
  2465 | D:4      | Noticed a phantom
  2490 | D:3      | Killed a phantom
  2490 | D:3      | Gained mutation: You are significantly more attuned to the
                  | shadows. [demonic ancestry]
  2490 | D:3      | Reached XP level 6. HP: 31/48 MP: 6/6
  2748 | D:4      | Found a staircase to the Ecumenical Temple.
  2765 | D:4      | Reached skill level 4 in Axes
  2789 | Temple   | Entered the Ecumenical Temple
  2945 | D:4      | Reached skill level 1 in Stealth
  3148 | D:5      | Entered Level 5 of the Dungeon
  3155 | D:5      | Cast into level 2 of the Abyss (orc priest)
  3207 | Abyss:2  | Noticed a raiju
  3278 | Abyss:2  | Noticed a ynoxinul
  3290 | Abyss:2  | Killed a ynoxinul
  3290 | Abyss:2  | Reached XP level 7. HP: 54/54 MP: 7/7
  3292 | Abyss:2  | Noticed an ancient zyme
  3307 | Abyss:2  | Killed an ancient zyme
  3307 | Abyss:2  | Reached skill level 5 in Axes
  3310 | D:5      | Escaped the Abyss
  3465 | D:5      | Found a sand-covered staircase.
  3477 | Ossuary  | Entered an ossuary
  3579 | Ossuary  | Reached XP level 8. HP: 57/61 MP: 8/8
  3722 | Ossuary  | Reached skill level 6 in Axes
  4109 | D:5      | Found Ymey's Antique Weapon Shop.
  4222 | D:5      | Quit the game

Vault maps used:
D:1:      lightli_arrival_noodles, minmay_rat_gold_closets
D:2:      nicolae_dithmenos_through_a_glass_darkly,
          nicolae_overflow_hidden_temple, elyvilon_altar_5, first_ration,
          minmay_misc_feat_ornament
D:3:      kennysheep_the_goblin_king, uniq_natasha
D:4:      minmay_temple_entry_grid
D:5:      makhleb_blood_cavern_becter, zin_scriptorium,
          gammafunk_ghost_nasty_kobolds, serial_shops, shop,
          kennysheep_mini_moat, gup_ossuary_entry_pyramid,
          okawaru_altar_gauntlet_db
Temple:   cyrus_circular_temple
Abyss:2:  evilmike_abyss_exit_13
Ossuary:  minmay_ossuary_two_tombs

Skill      XL: |  1  2  3  4  5  6  7  8 |
---------------+-------------------------+-----
Armour         | 3 4 |  4.8
Axes           | 2 3 4 5 6 |  6.8
Shields        | 3 4 |  4.8
Dodging        | 1 2 |  2.2
Stealth        | 1 2 |  2.3
Fighting       | 4 |  4.8

Action                   |  1- 3 |  4- 6 |  7- 9 || total
-------------------------+-------+-------+-------++-------
Melee: War axe           |   134 |   186 |   237 ||   557
  Use: Potion            |       |       |     1 ||     1
 Stab: Distracted        |       |     1 |     1 ||     2
       Sleeping          |       |     1 |    11 ||    12
  Eat: Chunk             |     1 |     7 |     4 ||    12
Armor: Scale mail        |    80 |    90 |   106 ||   276
Dodge: Dodged            |    41 |    64 |    71 ||   176
Block: Shield            |    77 |   116 |   132 ||   325

Table legend:
 A = Non-vault XP
 B = Vault XP
 C = Vault XP percentage of total XP
 D = Non-vault monster count
 E = Vault monster count
 F = Vault count percentage of total count
                 A         B        C        D         E       F
            +---------+---------+-------+---------+---------+-------
      Total |    1815 |     508 |  21.9 |      99 |      54 |  35.3
            +---------+---------+-------+---------+---------+-------
        D:1 |      15 |       6 |  28.6 |      11 |       6 |  35.3
        D:2 |      93 |       0 |   0.0 |      23 |       0 |   0.0
        D:3 |     245 |      59 |  19.4 |      23 |       8 |  25.8
        D:4 |     250 |       0 |   0.0 |      21 |       0 |   0.0
        D:5 |     725 |      18 |   2.4 |      19 |       1 |   5.0
    Abyss:2 |     487 |       0 |   0.0 |       2 |       0 |   0.0
    Ossuary |       0 |     425 | 100.0 |       0 |      39 | 100.0
            +---------+---------+-------+---------+---------+-------
